 Dungeon Crawl Stone Soup version 0.29-a0-887-gcbe080d7e0 (webtiles) character file.

Game seed: 15844326861582732025

11 mcwallace the Vexing (level 2, -4/16 HPs)
             Began as a Deep Elf Arcane Marksman on July 21, 2022.
             Slain by a gnoll
             ... wielding a +0 club
              (7 damage)
             ... on level 1 of the Dungeon.
             The game lasted 00:01:12 (704 turns).

mcwallace the Vexing (Deep Elf Arcane Marksman)      Turns: 704, Time: 00:01:12

Health: -4/16      AC:  7    Str:  7    XL:     2   Next: 17%
Magic:  6/7        EV: 13    Int: 17    God:
Gold:   58         SH:  0    Dex: 15    Spells: 4/5 levels left

rFire   . . .      SeeInvis .   a - +0 sling
rCold   . . .      Faith    .   (no shield)
rNeg    . . .      Spirit   .   c - +0 robe
rPois   .          Reflect  .   (no helmet)
rElec   .          Harm     .   (no cloak)
rCorr   .          Rampage  .   (no gloves)
Will    .....                   f - +0 pair of boots
Stlth   +.........              (no amulet)
HPRegen 0.05/turn               i - +4 ring of protection
MPRegen 0.10/turn               (no ring)

@: no status effects
A: no striking features
a: no special abilities


You were on level 1 of the Dungeon.
You visited 1 branch of the dungeon, and saw 1 of its levels.

You collected 58 gold pieces.


   Skills:
 + Level 1.1 Fighting
 + Level 3.1 Ranged Weapons
 + Level 2.7 Dodging
 + Level 2.0 Spellcasting
 - Level 4.0 Hexes


You had 4 spell levels left.
You knew the following spells:

 Your Spells              Type           Power      Damage    Failure   Level
a - Slow                  Hex            60%        N/A       3%          1

Your spell library contained the following spells:

 Spells                   Type           Power      Damage    Failure   Level
 Inner Flame              Hex/Fire       8%         N/A       26%         3
 Portal Projectile        Hex/Tloc       16%        N/A       26%         3
 Sublimation of Blood     Necr           1%         N/A       28%         2
 Cause Fear               Hex            7%         N/A       36%         4
 Petrify                  Tmut/Erth      1%         N/A       88%         4
 Irradiate                Conj/Tmut      0%         3d11      99%         5

Inventory:

Hand Weapons
 a - a +0 sling (weapon)
Missiles
 e - 13 stones {throwing}
Armour
 c - a +0 robe (worn)
 d - a +0 leather armour
   (You found it on level 1 of the Dungeon)
 f - a +0 pair of boots (worn)
   (You found it on level 1 of the Dungeon)
Jewellery
 i - a +4 ring of protection (left hand)
   (You found it on level 1 of the Dungeon)
Scrolls
 b - 2 scrolls of vulnerability {!r!r}
 h - 2 scrolls of identify {unknown}
 k - 4 scrolls of poison {unknown}
 l - a scroll of immolation {unknown}
 n - a scroll of amnesia {unknown}
Potions
 g - a potion of attraction {unknown}
 j - a potion of curing {unknown}
 m - a potion of flight {unknown}

Dungeon Overview and Level Annotations

Branches:
Dungeon (1/15) Zot: 5286

Altars:

#.##.######.....####.#####
#.##.........8.......# #
#.########..8_8.###### #
#.# ##..8..# #
#########.....#
............###
######.....# #.###.#
##@###.#
#######g..##.##########
..).......##..........#
#######...###########.#
##### #.### #.... #####


You could see a gnoll (slow).


Message History

You shoot a sling bullet.
The sling bullet barely misses the endoplasm.
The endoplasm jiggles. 😨 HP[+1] Fire: a) +0 sling
Press: ? - help, Q - select action, (/) - cycle Shift-Dir - straight line, f/p - endoplasm
Aim: an endoplasm (moderately wounded, slow, 85% to hit)
You shoot a sling bullet.
The sling bullet hits the endoplasm but does no damage.
Fire: a) +0 sling
Press: ? - help, Q - select action, (/) - cycle Shift-Dir - straight line, f/p - endoplasm
Aim: an endoplasm (moderately wounded, slow, 85% to hit)
You shoot a sling bullet.
The sling bullet hits the endoplasm but does no damage.
You see here a rat corpse. 😨 MP[+1] Fire: a) +0 sling
Press: ? - help, Q - select action, (/) - cycle Shift-Dir - straight line, f/p - endoplasm
Aim: an endoplasm (moderately wounded, slow, 85% to hit)
You shoot a sling bullet. The sling bullet hits the endoplasm.
You kill the endoplasm!
Your Ranged Weapons skill increases to level 3!
Your Spellcasting skill increases to level 2!
You have reached level 2! 😨 HP[+2] MP[+1]
You now have 16 max hp (+4).
You regained 2 hp, and now have 7/16 hp.
e - 13 stones {throwing} (gained 9)
You see here a +0 sling.
You now have 58 gold pieces (gained 8).
m - a red potion 😎 HP[+9] MP[+2]
Your hp is fully restored (16).
Your mp is fully restored (7).
k - 4 scrolls labelled NEENAGH PAETE (gained 3)
Found a stone staircase leading down.
n - a scroll labelled PYESAEZATE A kobold comes into view.
It is wielding a +0 whip.
You shoot a sling bullet. The sling bullet hits the kobold.
You kill the kobold!
No target in view!
No target in view!
No target in view!
No target in view!
Things that are here:
a +0 whip {mace}; a kobold corpse A goblin comes into view.
It is wielding a +0 club.
You shoot a sling bullet.
The sling bullet hits the goblin but does no damage.
The goblin shouts!
You shoot a sling bullet. The sling bullet hits the goblin.
The goblin barely misses you.
You shoot a sling bullet. The sling bullet hits the goblin.
You kill the goblin!
No target in view!
No target in view!
Things that are here:
a +0 club {mace}; a goblin corpse You see here a +0 sling.
You see here a +0 sling.
Things that are here:
a +0 club {mace}; a goblin corpse You see here a +0 sling.
A gnoll comes into view. It is wielding a +0 club.
You shoot a sling bullet. The sling bullet hits the gnoll.
The gnoll shouts!
You shoot a sling bullet.
The sling bullet hits the gnoll but does no damage.
You shoot a sling bullet.
The sling bullet closely misses the gnoll.
You shoot a sling bullet.
The sling bullet closely misses the gnoll.
You shoot a sling bullet. The sling bullet hits the gnoll.
You shoot a sling bullet.
The sling bullet barely misses the gnoll.
The gnoll hits you with a +0 club! 😮 HP[-7]
You take 7 damage, and now have 9/16 hp.
MASSIVE DAMAGE!! (PAUSE) Fire: a) +0 sling
Press: ? - help, Q - select action, (/) - cycle Shift-Dir - straight line, f/p - gnoll
Aim: a gnoll, wielding a +0 club (heavily wounded, 60% to hit)
You shoot a sling bullet. The sling bullet hits the gnoll.
The gnoll hits you with a +0 club.
* * * LOW HITPOINT WARNING * * *
😨 HP[-2]
You take 2 damage, and now have 7/16 hp.
Unknown command.
Casting: Slow (safe; 3% risk of failure)
Confirm with . or Enter, or press ? or * to list all spells.
Aiming: Slow (safe; 3% risk of failure)
Press: ? - help, Shift-Dir - straight line, f/p - gnoll
Aim: a gnoll, wielding a +0 club (heavily wounded, chance to affect: 63%)
The gnoll seems to slow down.
The gnoll hits you with a +0 club.
* * * LOW HITPOINT WARNING * * *
😱 HP[-4] MP[-1]
You take 4 damage, and now have 3/16 hp.
MASSIVE DAMAGE!! (PAUSE)
You lost 1 mp, and now have 6/7 mp.
The gnoll hits you with a +0 club!
You die...

Skill      XL: |  1 |
---------------+----+-----
Fighting       | 1 |  1.1
Ranged Weapons | 3 |  3.1
Spellcasting   | 2 |  2.0
Dodging        | |  2.7
Hexes          | |  4.0

Action                   || total
-------------------------++-------
 Fire: Sling             ||    36
 Cast: Slow              ||     5
Armor: Robe              ||     4
Dodge: Dodged            ||     3

Levels and vault maps discovered:
D:1:      dpeg_arrival_connections, layout_loops_ring,
          chequers_ecumenical_altar_simple

Notes
Turn   | Place    | Note
-------+----------+-------------------------------------------
     0 | D:1      | mcwallace the Deep Elf Arcane Marksman began the quest for
                  | the Orb.
     0 | D:1      | Reached XP level 1. HP: 11/11 MP: 5/5
     0 | D:1      | magus.rc [v1.9.6]
    22 | D:1      | Found a faded altar of an unknown god.
   124 | D:1      | You pick up a book of Alchemy and begin reading...
   124 | D:1      | You add the spells Sublimation of Blood, Petrify and
                  | Irradiate to your library.
   178 | D:1      | Reached skill level 1 in Fighting
   236 | D:1      | HP: 3/12 [frozen (4)]
   270 | D:1      | Reached skill level 3 in Ranged Weapons
   270 | D:1      | Reached skill level 2 in Spellcasting
   270 | D:1      | Reached XP level 2. HP: 7/16 MP: 5/7
   702 | D:1      | HP: 3/16 [gnoll/+0 club (4)]
   704 | D:1      | Slain by a gnoll

Vanquished Creatures
  A bat (D:1)
  2 endoplasms (D:1)
  2 giant cockroaches (D:1)
  A goblin (D:1)
  2 kobolds (D:1)
  2 rats (D:1)
10 creatures vanquished.

Table legend:
 A = Non-vault XP
 B = Vault XP
 C = Vault XP percentage of total XP
 D = Non-vault monster count
 E = Vault monster count
 F = Vault count percentage of total count
                 A         B        C        D         E       F
            +---------+---------+-------+---------+---------+-------
      Total |      17 |       0 |   0.0 |      10 |       0 |   0.0
            +---------+---------+-------+---------+---------+-------
        D:1 |      17 |       0 |   0.0 |      10 |       0 |   0.0
            +---------+---------+-------+---------+---------+-------

Illustrated notes

Table legend:
 A = Kills in this place as a percentage of kills in entire the game.
 B = Kills by you in this place as a percentage of kills by you in the entire game.
 C = Kills by friends in this place as a percentage of kills by friends in the entire game.
 D = Other kills in this place as a percentage of other kills in the entire game.
 E = Experience gained in this place as a percentage of experience gained in the entire game.
 F = Experience gained in this place divided by the number of levels of this place that you have seen.
                   A       B       C       D       E      F
               +-------+-------+-------+-------+-------+----------------------
         Total | 100.0 | 100.0 |   N/A |   N/A | 100.0 |  17.0
       Dungeon | 100.0 | 100.0 |   N/A |   N/A | 100.0 |  17.0
               +-------+-------+-------+-------+-------+----------------------

Table legend: (Time is in decaauts)
 A = Elapsed time spent in this place.
 B = Non-inter-level travel time spent in this place.
 C = Inter-level travel time spent in this place.
 D = Time resting spent in this place.
 E = Time spent auto-exploring this place.
 F = Levels seen in this place.
 G = Mean time per level.
                   A        B        C        D        E       F      G
               +--------+--------+--------+--------+--------+-----+--------+
         Total |    712 |    712 |      0 |      0 |    612 |   1 |  712.0 |
       Dungeon |    712 |    712 |      0 |      0 |    612 |   1 |  712.0 |
               +--------+--------+--------+--------+--------+-----+--------+

Top non-repeatable levels by time:
     D:1: 712 daAuts
